Map: Lerilak Crest

Players

송병구의캐리어

  • Race: Protoss Protoss
  • League: Grandmaster

Javert - Winner!

  • Race: Zerg Zerg
  • League: Gold

VOD

Have the link to the VOD?

Description

Time

  • Played on: Sept. 5, 2015, 9:11 p.m.
  • Length: 7:15
Show
View Real Time Build Order
Export as new Build Order

송병구의캐리어 Protoss 

Build Orders:  

Get SALT Encoding   

  12  0:01  Probe (Chrono Boost)  
  13  0:11  Probe (Chrono Boost)  
  14  0:21  Probe (Chrono Boost), Pylon  
  15  0:39  Probe (Chrono Boost)  
  16  0:44  Gateway  
  16  0:47  Assimilator  
  16  0:49  Probe (Chrono Boost)  
  17  0:57  Assimilator  
  17  0:59  Probe (Chrono Boost)  
  18  1:10  Pylon  
  18  1:13  Probe (Chrono Boost)  
  19  1:23  Probe (Chrono Boost)  
  20  1:32  Cybernetics Core  
  20  1:34  Probe (Chrono Boost)  
  20  1:38  Zealot  
  23  1:44  Probe (Chrono Boost)  
  24  1:54  Probe (Chrono Boost)  
  25  2:04  Probe (Chrono Boost), Warp Gate (Chrono Boost)  
  26  2:16  Gateway  
  26  2:17  Mothership Core (Chrono Boost)  
  26  2:18  Gateway  
  28  2:25  Gateway  
  28  2:27  Sentry  
  30  2:36  Gateway  
  30  2:49  Pylon  
  30  2:59  Pylon  
  30  3:14  Pylon  
  30  3:19  Pylon  
  28  3:32  Zealot  
  28  3:33  Zealot x4  
  32  4:14  Stalker  
  32  4:15  Stalker x4  
  42  4:37  Probe (Chrono Boost)  
  43  4:40  Stalker  
  43  4:41  Stalker  
  47  4:47  Pylon  
  47  4:48  Pylon  
  47  5:01  Pylon  
  47  5:05  Probe (Chrono Boost)  
  48  5:07  Stalker x2  
  50  5:23  Zealot  
  50  5:24  Zealot x2  
  56  5:37  Sentry x2  
  60  5:48  Pylon  
  60  5:57  Pylon  
  60  6:03  Sentry  
  57  6:17  Zealot x3  
  57  6:18  Zealot  
  47  6:38  Zealot  
  47  6:39  Zealot x2  
  49  6:41  Sentry  
  49  6:44  Sentry  
Show
View Real Time Build Order
Export as new Build Order

Javert Zerg - Winner!

Build Orders: Hatch First 

Get SALT Encoding   

  12  0:01  Drone  
  13  0:14  Overlord  
  13  0:18  Drone  
  14  0:34  Drone x2  
  16  0:38  Drone  
  17  0:57  Hatchery  
  17  1:01  Drone  
  17  1:03  Extractor  
  16  1:06  Drone  
  17  1:13  Drone  
  18  1:26  Spawning Pool  
  18  1:30  Drone x2  
  19  1:46  Drone  
  20  2:01  Overlord  
  20  2:12  Drone  
  20  2:13  Drone  
  22  2:26  Queen  
  22  2:27  Queen  
  22  2:28  Metabolic Boost  
  26  2:31  Overlord x2  
  26  2:38  Zergling x6  
  29  2:45  Zergling x4  
  31  2:51  Spine Crawler  
  31  2:58  Zergling x4  
  32  3:13  Zergling x4  
  34  3:23  Drone  
  34  3:24  Drone  
  36  3:31  Roach Warren  
  35  3:37  Zergling x8  
  35  3:38  Zergling x6  
  42  3:51  Drone x3  
  44  4:04  Drone x3  
  44  4:08  Queen  
  48  4:12  Overlord  
  48  4:13  Drone  
  48  4:15  Drone  
  41  4:26  Zergling x2  
  41  4:27  Zergling x8  
  44  4:37  Drone x4  
  44  4:38  Drone  
  49  4:42  Overlord  
  49  4:51  Drone x2  
  49  4:52  Drone  
  52  4:58  Spine Crawler  
  51  5:01  Overlord  
  51  5:03  Lair, Extractor  
  51  5:05  Extractor  
  49  5:15  Roach x3  
  49  5:16  Roach x2  
  59  5:27  Roach x4  
  67  5:37  Overlord  
  67  5:54  Spine Crawler  
  67  5:55  Spine Crawler  
  65  6:16  Roach x2  
  65  6:17  Roach  
  65  6:32  Roach  
  58  6:33  Roach x6  
Tags
 
Add a new tag
Caveats
  • Supply blocks, unpowered buildings, or Contaminate may cause inaccurate times.
  • Supply counts are checked every 10 seconds.